 Dungeon Crawl Stone Soup version 0.29-a0-344-ge2f44be95a (webtiles) character file.

Game seed: 8449383126084730150

203 zeratav the Conjurer (level 5, -4/31 HPs)
             Began as an Octopode Conjurer on Apr 21, 2022.
             Shot with an arrow by a centaur (10 damage)
             ... on level 4 of the Dungeon.
             The game lasted 00:08:00 (4974 turns).

zeratav the Conjurer (Octopode Conjurer)            Turns: 4974, Time: 00:08:00

Health: -4/31      AC:  1    Str:  6    XL:     5   Next: 81%
Magic:  9/9        EV: 13    Int: 23    God:
Gold:   183        SH:  0    Dex: 10    Spells: 7/10 levels left

rFire   . . .      SeeInvis .   q - +2 dagger (venom) {short}
rCold   . . .      Faith    .   (no shield)
rNeg    . . .      Spirit   .   (helmet restricted)
rPois   .          Reflect  .   (no amulet)
rElec   .          Harm     .   f - ring of resist corrosion
rCorr   +          Rampage  .   (no ring)
Will    .....                   (no ring)
Stlth   +++.......              (no ring)
HPRegen 0.10/turn               (no ring)
MPRegen 0.11/turn               (no ring)
                                (no ring)
                                (no ring)

@: no status effects
A: almost no armour, amphibious, 8 rings, camouflage 1, gelatinous body 1,
(nimble swimmer 1), tentacles
a: no special abilities


You were on level 4 of the Dungeon.
You visited 1 branch of the dungeon, and saw 4 of its levels.

You collected 183 gold pieces.


Innate Abilities, Weirdness & Mutations

You cannot wear most types of armour.
You are amphibious.
You can wear up to eight rings at the same time.
Your skin changes colour to match your surroundings (Stealth+).
Your rubbery body absorbs attacks. (AC +1, EV +1)
((You are camouflaged when in or above water. (Stealth+)))
You have tentacles for arms and can constrict up to eight enemies at once.


   Skills:
 - Level 2.0 Dodging
 - Level 2.6 Stealth
 + Level 3.1 Spellcasting
 * Level 5.6 Conjurations
 + Level 2.3 Translocations


You had 7 spell levels left.
You knew the following spells:

 Your Spells              Type           Power      Damage    Failure   Level
a - Magic Dart            Conj           100%       1d8       1%          1
b - Searing Ray           Conj           58%        2d6       1%          2

Your spell library contained the following spells:

 Spells                   Type           Power      Damage    Failure   Level
 Apportation              Tloc           28%        N/A       4%          1
 Static Discharge         Conj/Air       16%        N/A       5%          2
 Dazzling Flash           Conj/Hex       32%        N/A       11%         3
 Stone Arrow              Conj/Erth      32%        3d9       11%         3
 Animate Skeleton         Necr           6%         N/A       12%         1
 Summon Small Mammal      Summ           12%        N/A       12%         1
 Mephitic Cloud           Conj/Pois/Air  12%        N/A       16%         3
 Call Imp                 Summ           3%         N/A       17%         2
 Iskenderun's Mystic Bla  Conj/Tloc      22%        2d6       22%         4
 Fulminant Prism          Conj/Hex       8%         3d7       34%         4
 Lightning Bolt           Conj/Air       8%         1d20      69%         5
 Borgnjor's Revivificati  Necr           1%         N/A       100%        8
 Lehudib's Crystal Spear  Conj/Erth      8%         10d3      100%        8
 Maxwell's Capacitive Co  Air            1%         ∞         100%        8
 Necromutation            Tmut/Necr      1%         N/A       100%        8
 Death's Door             Necr           1%         N/A       100%        9
 Animate Armour           Summ/Erth      Unusable   N/A       N/A         4

Inventory:

Hand Weapons
 q - a +2 dagger of venom (weapon) {short}
   (You took it off a kobold on level 4 of the Dungeon)
Jewellery
 f - a ring of resist corrosion (left tentacle)
   (You found it on level 4 of the Dungeon)
 m - an amulet of guardian spirit
   (You found it on level 3 of the Dungeon)
Scrolls
 e - a scroll of enchant weapon
 i - 3 scrolls of identify {@r1}
 j - a scroll of magic mapping {unknown}
 o - 2 scrolls of teleportation {@r4}
Potions
 a - 2 potions of magic
 b - a potion of haste {unknown}
 c - a potion of flight {unknown}
 d - 2 potions of lignification {unknown}
 g - a potion of berserk rage {unknown}
 k - a potion of invisibility {unknown}
 l - a potion of curing {unknown}
 n - 2 potions of heal wounds {unknown}
 p - a potion of degeneration {unknown}

Dungeon Overview and Level Annotations

Branches:
Dungeon (4/15)
 Temple: D:4-7

Altars:

Shops:
D:2 * D:4

* ############# # #.@..........
# #############.###.######.# #
#...<.<......c# #.....##.###.
###†###########.###(##....c..c.
......# #######.....##.......?.
###.#.# #.....###.####.#8###8##
# #.#.# #.....###.c..c.##### #
#.#.# #........)....## #.# #
#.#.# #.....###..#######.#


You could see a centaur.


Message History

(Press . to maintain the ray.) MP[-2]
You lost 2 mp, and now have 6/9 mp.
The searing ray hits the orc!
You kill the orc!
A goblin comes into view. It is wielding a +0 club.
MP[-1]
You lost 1 mp, and now have 5/9 mp.
The magic dart hits the goblin.
You kill the goblin!
MP[-1]
You lost 1 mp, and now have 4/9 mp.
You start resting.
An orc comes into view. It is wielding a +0 hand axe.
MP[+1]
You barely miss the orc. You grab the orc. Your squeeze misses the orc.
You constrict the orc. The orc barely misses you.
You hit the orc.
You kill the orc!
You see here a +0 hand axe {axe}.
f - a ring of resist corrosion
f - a ring of resist corrosion (left tentacle)
You see here a +0 hand axe {axe}.
Things that are here:
a +0 club {mace}; a goblin corpse; MP[+4]
Your mp is fully restored (9).
Things that are here:
a +0 dagger {short}; a +0 leather armour
Found a stone staircase leading down.
You pick up a book of Armaments and begin reading...
You add the spells Stone Arrow and Lehudib's Crystal Spear to your library.
There is a stone staircase leading down here.
i - 5 scrolls labelled DINESO PAPS (gained 1)
You see here a +0 pair of boots.
A hound comes into view.
The magic dart hits the hound.
MP[-1]
You lost 1 mp, and now have 8/9 mp.
The magic dart hits the hound but does no damage.
MP[-1]
You lost 1 mp, and now have 7/9 mp.
The magic dart hits the hound.
MP[-1]
You lost 1 mp, and now have 6/9 mp.
The magic dart hits the hound.
The hound closely misses you.
MP[-1]
You lost 1 mp, and now have 5/9 mp.
The magic dart hits the hound!
You kill the hound!
MP[-1]
You lost 1 mp, and now have 4/9 mp.
You can't see any susceptible monsters within range! (Use Z to cast anyway.)
You see here a hound corpse.
Found a stone staircase leading down.
MP[+5]
Your mp is fully restored (9).
There is a stone staircase leading down here.
There is a stone staircase leading down here.
A kobold comes into view. It is wielding a +3 whip.
The magic dart hits the kobold.
You kill the kobold!
MP[-1]
You lost 1 mp, and now have 8/9 mp.
You can't see any susceptible monsters within range! (Use Z to cast anyway.)
You can't see any susceptible monsters within range! (Use Z to cast anyway.)
You see here a +3 whip {mace}.
You see here a +0 robe.
You see here a +0 scale mail.
You see here a +0 scale mail.
You see here a +0 hand axe {axe}.
Things that are here:
a +0 flail of holy wrath {mace}; a +0 short sword {short}; 8 poisoned darts {throwing} MP[+1]
Your mp is fully restored (9).
You see here a +0 hand axe {axe}.
The centaur shouts!
The centaur wields a +0 shortbow.
The centaur shoots an arrow.
The arrow hits you!
HP[-11]
You take 11 damage, and now have 20/31 hp.
MASSIVE DAMAGE!! (PAUSE)
The centaur shoots an arrow.
The arrow hits you!
* * * LOW HITPOINT WARNING * * *
HP[-7]
You take 7 damage, and now have 13/31 hp.
MASSIVE DAMAGE!! (PAUSE) HP[+1]
The centaur shoots an arrow.
The arrow hits you!
* * * LOW HITPOINT WARNING * * *
HP[-8]
You take 8 damage, and now have 6/31 hp.
MASSIVE DAMAGE!! (PAUSE)
As you read the scroll labelled DINESO PAPS, it crumbles to dust.
It is a scroll of identify.
e - a scroll of enchant weapon The centaur shoots an arrow.
The arrow barely misses you.
As you read the scroll of identify {@r1}, it crumbles to dust.
o - 2 scrolls of teleportation The centaur shoots an arrow.
The arrow hits you!
You die...

Skill      XL: |  1  2  3  4  5 |
---------------+----------------+-----
Translocations | 1 2 |  2.3
Conjurations   | 5 |  5.6
Spellcasting   | 3 |  3.1
Dodging        | |  2.0
Stealth        | |  2.6

Action                   |  1- 3 |  4- 6 || total
-------------------------+-------+-------++-------
Melee: Trident           |    15 |       ||    15
       Constrict         |     8 |     3 ||    11
       Tentacles         |     6 |     3 ||     9
       Unarmed           |     1 |       ||     1
       Short sword       |    10 |     7 ||    17
       Dagger            |       |     2 ||     2
 Cast: Magic Dart        |    88 |    63 ||   151
       Searing Ray       |       |     7 ||     7
  Use: Scroll            |       |     2 ||     2
 Stab: Sleeping          |       |     3 ||     3
Armor: Skin              |       |     4 ||     4
Dodge: Dodged            |    25 |    16 ||    41

Levels and vault maps discovered:
D:1:      dpeg_arrival_brainrot, layout_basic
D:2:      layout_loops_ring, serial_shops, nicolae_shop_behind_doors
D:3:      layout_loops_ring, serial_bayou_pond_e
D:4:      layout_loops_ring, serial_shops, nicolae_shop_behind_doors,
          amcnicky_mini_rare_corridor_liquid, chequers_hall_statues_corner_a,
          minmay_mini_ossuary

Notes
Turn   | Place    | Note
-------+----------+-------------------------------------------
     0 | D:1      | zeratav the Octopode Conjurer began the quest for the Orb.
     0 | D:1      | Reached XP level 1. HP: 11/11 MP: 3/3
     0 | D:1      | magus.rc [v1.9.6]
   113 | D:1      | You pick up a book of Cantrips and begin reading...
   113 | D:1      | You add the spells Animate Skeleton, Summon Small Mammal
                  | and Apportation to your library.
   437 | D:1      | Reached XP level 2. HP: 14/17 MP: 0/5
  1009 | D:1      | Reached skill level 1 in Translocations
  1012 | D:1      | Reached XP level 3. HP: 21/21 MP: 1/6
  1424 | D:2      | Learned a level 2 spell: Searing Ray
  1817 | D:2      | You pick up a book of Lightning and begin reading...
  1817 | D:2      | You add the spells Static Discharge, Lightning Bolt and
                  | Maxwell's Capacitive Coupling to your library.
  1926 | D:2      | Found Kyis's Assorted Antiques.
  2293 | D:3      | You pick up a book of Minor Magic and begin reading...
  2293 | D:3      | You add the spells Call Imp and Mephitic Cloud to your
                  | library.
  2389 | D:3      | You add the spells Borgnjor's Revivification, Necromutation
                  | and Death's Door to your library.
  2485 | D:3      | Reached XP level 4. HP: 27/27 MP: 0/7
  2886 | D:3      | Reached skill level 5 in Conjurations
  3449 | D:4      | Noticed a centaur
  3679 | D:4      | Reached skill level 2 in Translocations
  3679 | D:4      | Reached XP level 5. HP: 31/31 MP: 4/9
  3818 | D:4      | Found Edwumoseu's General Store.
  4063 | D:4      | Reached skill level 3 in Spellcasting
  4531 | D:4      | You pick up a book of Armaments and begin reading...
  4531 | D:4      | You add the spells Stone Arrow and Lehudib's Crystal Spear
                  | to your library.
  4969 | D:4      | HP: 6/31 [centaur/arrow (8)]
  4974 | D:4      | Shot with an arrow by a centaur

Vanquished Creatures
  A hound (D:4)
  An iguana (D:4)
  A mummy (D:4)
  3 adders (D:3)
  An ufetubus (D:4)
  3 worms
  3 dart slugs
  7 orcs
  7 ball pythons
  5 endoplasms
  2 giant cockroaches (D:4)
  8 goblins
  11 hobgoblins
  2 jackals (D:2)
  8 kobolds
  5 bats
  4 frilled lizards
  A hobgoblin zombie (D:4)
  2 kobold zombies (D:4)
  An orc zombie (D:4)
  4 rats
80 creatures vanquished.

Table legend:
 A = Non-vault XP
 B = Vault XP
 C = Vault XP percentage of total XP
 D = Non-vault monster count
 E = Vault monster count
 F = Vault count percentage of total count
                 A         B        C        D         E       F
            +---------+---------+-------+---------+---------+-------
      Total |     264 |      27 |   9.3 |      74 |       6 |   7.5
            +---------+---------+-------+---------+---------+-------
        D:1 |      36 |       5 |  12.2 |      21 |       1 |   4.5
        D:2 |      27 |       0 |   0.0 |      16 |       0 |   0.0
        D:3 |      63 |       0 |   0.0 |      14 |       0 |   0.0
        D:4 |     138 |      22 |  13.8 |      23 |       5 |  17.9
            +---------+---------+-------+---------+---------+-------

Illustrated notes

Table legend:
 A = Kills in this place as a percentage of kills in entire the game.
 B = Kills by you in this place as a percentage of kills by you in the entire game.
 C = Kills by friends in this place as a percentage of kills by friends in the entire game.
 D = Other kills in this place as a percentage of other kills in the entire game.
 E = Experience gained in this place as a percentage of experience gained in the entire game.
 F = Experience gained in this place divided by the number of levels of this place that you have seen.
                   A       B       C       D       E      F
               +-------+-------+-------+-------+-------+----------------------
         Total | 100.0 | 100.0 |   N/A |   N/A | 100.0 |  72.8
       Dungeon | 100.0 | 100.0 |   N/A |   N/A | 100.0 |  72.8
               +-------+-------+-------+-------+-------+----------------------

Table legend: (Time is in decaauts)
 A = Elapsed time spent in this place.
 B = Non-inter-level travel time spent in this place.
 C = Inter-level travel time spent in this place.
 D = Time resting spent in this place.
 E = Time spent auto-exploring this place.
 F = Levels seen in this place.
 G = Mean time per level.
                   A        B        C        D        E       F      G
               +--------+--------+--------+--------+--------+-----+--------+
         Total |   4978 |   4826 |    152 |   1089 |   3265 |   4 | 1244.5 |
       Dungeon |   4978 |   4826 |    152 |   1089 |   3265 |   4 | 1244.5 |
               +--------+--------+--------+--------+--------+-----+--------+

Top non-repeatable levels by time:
     D:4: 1777 daAuts
     D:1: 1288 daAuts
     D:2: 985 daAuts
     D:3: 927 daAuts
